 Dungeon Crawl Stone Soup version 0.31-a0-496-g6f97920a28 (webtiles) character file.

Game seed: 11654386476094271575

65 Ofeo the Ruffian (level 3, -1/29 HPs)
             Began as a Draconian Shapeshifter on Aug 8, 2023.
             Slain by a goblin
             ... wielding a +0 club
             ... led by Robin
              (5 damage)
             ... on level 2 of the Dungeon.
             The game lasted 00:01:19 (2343 turns).

Ofeo the Ruffian (Draconian Shapeshifter)           Turns: 2343, Time: 00:01:20

Health: -1/29      AC:  5    Str: 19    XL:     3   Next: 92%
Magic:  3/3        EV: 12    Int:  8    God:
Gold:   113        SH:  0    Dex: 11    Spells: 2/2 levels left

rFire   + .          .
                       - Unarmed
rCold   + . .        (no shield)
rNeg    . . .        (body armour unavailable)
rPois   .            (helmet currently unavailable)
rElec   .            (cloak currently unavailable)
rCorr   .            (gloves currently unavailable)
SInv    .            (boots currently unavailable)
Will    .....        (no amulet)
Stlth   +            i - ring of protection from cold
HPRegen 0.24/turn    m - ring of protection from fire
MPRegen 0.08/turn

%: no passive effects
@: beast-form
A: beast (slay +2), AC +5, unfitting armour, cold-blooded
a: Begin Untransformation


You were on level 2 of the Dungeon.
You were a hulking beast.
You visited 1 branch of the dungeon, and saw 2 of its levels.

You collected 113 gold pieces.

Inventory:

Jewellery
 f - a ring of see invisible
 i - a ring of protection from cold (left hand)
 m - a ring of protection from fire (right hand)
Talismans
 b - a beast talisman (active)
 c - a flux talisman
Scrolls
 d - a scroll of noise {unknown}
 h - a scroll of revelation
Potions
 a - a potion of lignification
 k - a potion of attraction {unknown}
 l - a potion of heal wounds {unknown}


   Skills:
 + Level 2.2 Fighting
 + Level 2.4 Dodging
 + Level 3.5 Unarmed Combat
 + Level 3.3 Shapeshifting


You had 2 spell levels left.
You didn't know any spells.
Your spell library was empty.

Dungeon Overview and Level Annotations

Branches:
Dungeon (2/15)

Altars:

Annotations:
D:2 Robin


Innate Abilities, Weirdness & Mutations

You are a hulking beast.
Your limbs bulge with bestial killing power. (Slay +2)
Your plain brown scales are hard. (AC +5)
You cannot fit into any form of body armour.
You are cold-blooded and may be slowed by cold attacks.


Message History

The goblin shouts! x2
Robin of the Strong Arm comes into view.
They are wielding a +2 spear of pain.
Robin shouts!
Robin roars a battlecry!
The goblins go into a battle-frenzy!
Robin throws the goblin at you! The goblin misses you.
You barely miss the goblin.
Your tail-slap misses the goblin.
The goblin hits you with a +1 dagger of speed.
The goblin hits you with a +0 dagger.
Robin's horned helmet rattles.
You punch the goblin!
You kill the goblin!
The goblin hits you but does no damage.
You barely miss the goblin. The goblin barely misses you. x2
You take 8 damage, and have 21/29 hp.
MASSIVE DAMAGE!!
You hit the goblin.
You kill the goblin!
Robin throws the goblin at you! The goblin closely misses you.
A goblin comes into view. It is wielding a +0 club.
You hit the goblin. You tail-slap the goblin.
You kill the goblin!
Robin throws the goblin at you! The goblin hits you with a +0 club. x2
There are monsters nearby!
You take 4 damage, and have 17/29 hp.
There are monsters nearby!
You hit the goblin.
The goblin is heavily wounded.
The goblin hits you with a +0 club. x2
You take 5 damage, and have 12/29 hp.
You closely miss the goblin. The goblin hits you with a +0 club. x2
You take 3 damage, and have 9/29 hp.
You closely miss the goblin.
Robin hits you from afar with a +2 spear of pain.
* * * LOW HITPOINT WARNING * * *
You writhe in agony.
* * * LOW HITPOINT WARNING * * *
The goblin hits you with a +0 club.
* * * LOW HITPOINT WARNING * * *
The goblin hits you with a +0 club.
You die...

##.#'#................#
...#.#................#
####)########.........#
####.### #.........#
.......# #.........#
.......# #.........#
.......######.#########
.......'....#.#########
#......####.#..ghgg...#
~......# #.#######.#
.~#...## ###
~..#..#####.#
...#.........
...#.........
...#..####### ~..#..#
.~#...#


You could see Robin and 2 goblins.

Vanquished Creatures
  3 adders (D:2)
  A worm (D:2)
  A dart slug (D:2)
  2 ball pythons
  6 endoplasms
  A giant cockroach (D:2)
  5 goblins (D:2)
  2 hobgoblins
  2 quokkas (D:1)
  A bat (D:1)
  2 kobolds (D:2)
  5 rats
31 creatures vanquished.

Notes
Turn   | Place    | Note
-------+----------+-------------------------------------------
     0 | D:1      | Ofeo the Draconian Shapeshifter began the quest for the
                  | Orb.
     0 | D:1      | Reached XP level 1. HP: 16/16 MP: 1/1
   537 | D:1      | Reached XP level 2. HP: 18/23 MP: 2/2
  1307 | D:2      | Reached XP level 3. HP: 29/29 MP: 3/3
  1756 | D:2      | Found a faded altar of an unknown god.
  2333 | D:2      | Noticed Robin
  2343 | D:2      | Slain by a goblin

Illustrated notes

Levels and vault maps discovered:
D:1:      dreamdust_arrival_beginning_and_end, layout_basic
D:2:      layout_basic, shapermc_ecumenical_altar_starsandcircs,
          minmay_bisected, uniq_robin

Skill      XL: |  1  2  3 |
---------------+----------+-----
Dodging        | 2 |  2.4
Fighting       | 2 |  2.2
Unarmed Combat | |  3.5
Shapeshifting  | |  3.3

Action                     || total
---------------------------++-------
  Melee: Unarmed           ||    88
         Tailslap          ||     5
    Use: Scroll            ||     3
         Potion            ||     1
   Stab: Sleeping          ||     1
 Armour: Skin              ||    22
  Dodge: Dodged            ||    51

Table legend: (Time is in decaauts)
 A = Elapsed time spent in this place.
 B = Non-inter-level travel time spent in this place.
 C = Inter-level travel time spent in this place.
 D = Time resting spent in this place.
 E = Time spent auto-exploring this place.
 F = Levels seen in this place.
 G = Mean time per level.
                   A        B        C        D        E       F      G
               +--------+--------+--------+--------+--------+-----+--------+
         Total |   2337 |   2274 |     63 |    321 |   1723 |   2 | 1168.5 |
       Dungeon |   2337 |   2274 |     63 |    321 |   1723 |   2 | 1168.5 |
               +--------+--------+--------+--------+--------+-----+--------+

Top non-repeatable levels by time:
     D:2: 1187 daAuts
     D:1: 1150 daAuts
